 Dungeon Crawl Stone Soup version 0.27-a0-1513-g2aaa0cc67b (webtiles) character file.

Game seed: 3076480630222863557

46 blackman the Skirmisher (level 3, -5/29 HPs)
             Began as a Human Monk on July 9, 2021.
             Was a Follower of Ru.
             Slain by a worm (9 damage)
             ... on level 2 of the Dungeon.
             The game lasted 00:06:59 (2305 turns).

blackman the Skirmisher (Human Monk)                Turns: 2305, Time: 00:07:00

Health: -5/29      AC: 11    Str: 12    XL:     3   Next: 95%
Magic:  3/3        EV:  3    Int: 10    God:    Ru [*.....]
Gold:   98         SH:  0    Dex: 15    Spells: 2/2 levels left

rFire    . . .     SeeInvis .   a - +0 hand axe
rCold    . . .     Faith    .   (no shield)
rNeg     . . .     Spirit   .   c - +0 plate armour
rPois    .         Reflect  .   j - +0 helmet
rElec    .         Harm     .   (no cloak)
rCorr    .         Rampage  .   (no gloves)
Will     .....                  (no boots)
Stlth    ..........             (no amulet)
HPRegen  0.09/turn              (no ring)
MPRegen  0.08/turn              (no ring)

@: studying Fighting
A: no poison magic, no translocations magic, no transmutations magic
a: Renounce Religion


You were on level 2 of the Dungeon.
You worshipped Ru.
Ru was aware of your devotion.
You visited 1 branch of the dungeon, and saw 4 of its levels.

You collected 98 gold pieces.

Inventory:

Hand Weapons
 a - a +0 hand axe (weapon)
Missiles
 d - 11 poisoned darts (quivered)
 l - 5 javelins
Armour
 c - a +0 plate armour (worn)
 j - a +0 helmet (worn)
Scrolls
 b - a scroll of fog {unknown}
 g - a scroll of teleportation {unknown}
 h - a scroll of blinking {unknown}
Potions
 e - 6 potions of curing {unknown}
 f - 2 potions of lignification {unknown}
 i - a potion of haste {unknown}
 k - a potion of invisibility {unknown}


   Skills:
 + Level 3.6 Fighting
 * Level 1.4 Long Blades
 - Level 3.4 Axes
 * Level 0.0 Armour
 - Level 3.4 Dodging
 - Level 2.0 Stealth


You had 2 spell levels left.
You didn't know any spells.
Your spell library contained the following spells:

 Spells                   Type           Power      Damage    Failure   Level
 Slow                     Hex            0%         N/A       100%        2
 Call Canine Familiar     Summ           0%         N/A       100%        3
 Confusing Touch          Hex            0%         N/A       100%        3
 Leda's Liquefaction      Hex/Erth       0%         N/A       100%        4
 Portal Projectile        Hex/Tloc       Unusable   N/A       N/A         3
 Yara's Violent Unravell  Hex/Tmut       Unusable   3d3       N/A         5

Dungeon Overview and Level Annotations

Branches:
Dungeon (4/15)
 Temple: D:4-7

Altars:
Ru

Shops:
D:1 ([


Innate Abilities, Weirdness & Mutations

You cannot study or cast Poison magic.
You cannot study or cast Translocations magic.
You cannot study or cast Transmutations magic.


Message History

The worm is moderately wounded.
The worm bites you.
You hit the worm.
The worm is severely wounded.
You barely miss the worm.
The worm is severely wounded.
The worm bites you.
You hit the worm but do no damage.
The worm is heavily wounded.
The worm bites you but does no damage.
You hit the worm but do no damage.
The worm is heavily wounded.
You hit the worm.
The worm is heavily wounded.
The worm bites you.
Your plate armour prevents you from hitting the worm.
The worm is heavily wounded.
The rat twitches its whiskers.
The worm bites you.
You are too injured to fight recklessly!
You are too injured to fight recklessly!
You are too injured to fight recklessly!
You hit the worm but do no damage.
The worm is heavily wounded.
The worm bites you but does no damage.
You hit the worm but do no damage.
The worm is heavily wounded.
Your plate armour prevents you from hitting the worm.
The worm is heavily wounded.
The worm bites you but does no damage.
You hit the worm.
The worm is severely wounded.
You barely miss the worm.
The worm is severely wounded.
The worm bites you!
* * * LOW HITPOINT WARNING * * *
You hit the worm.
The worm is severely wounded.
The worm bites you!
You die...

.( .... #..# #. #.. ##.
#. #.. .... ##.# #.#
...#.
##...###.#####[.....
#####.#.#.##....@wr?....
................##......
^####.#.#.#####.# .....
.# #...######... ...# .#
##.#.......... ... # [#
#.#.########.# ## . .#
#............# # .#
###.######## # # .# #.#
#


You could see a worm and a rat.

Vanquished Creatures
  A worm (D:2)
  A dart slug (D:1)
  5 bats
  4 endoplasms
  4 giant cockroaches
  2 goblins
  4 hobgoblins
  3 jackals (D:1)
  4 kobolds (D:1)
  A quokka (D:1)
  A ball python (D:1)
  5 frilled lizards
  2 rats (D:2)
37 creatures vanquished.

Notes
Turn   | Place    | Note
-------+----------+-------------------------------------------
     0 | D:1      | blackman the Human Monk began the quest for the Orb.
     0 | D:1      | Reached XP level 1. HP: 18/18 MP: 1/1
   199 | D:1      | Reached XP level 2. HP: 8/24 MP: 2/2
   882 | D:1      | Found Mush's Antique Weapon Emporium.
  1049 | D:1      | Found Luidu's Antique Armour Shop.
  1128 | D:1      | Reached XP level 3. HP: 29/29 MP: 3/3
  1678 | D:2      | Reached skill level 1 in Long Blades
  1880 | D:2      | Found a faded altar of an unknown god.
  1940 | D:2      | Became a worshipper of Ru the Awakened
  1996 | D:2      | You fall into a shaft and drop 2 floors!
  2020 | D:3      | Gained mutation: You cannot study or cast Poison magic. [Ru
                  | sacrifice]
  2020 | D:3      | Gained mutation: You cannot study or cast Transmutations
                  | magic. [Ru sacrifice]
  2020 | D:3      | Gained mutation: You cannot study or cast Translocations
                  | magic. [Ru sacrifice]
  2020 | D:3      | Reached * piety under Ru
  2305 | D:2      | Slain by a worm

Illustrated notes

Levels and vault maps discovered:
D:1:      dpeg_arrival_windows_large_door, layout_basic, serial_shops, shop,
          shop, moated_statue
D:2:      layout_loops_ring, basic_ecumenical_altar, st_stairs_3,
          minmay_misc_feat_iff
D:3:      layout_loops_cross, goddamned_bats
D:4:      layout_loops_cross, mainiacjoe_overflow_swirl, minmay_joined_circles

Skill      XL: |  1  2  3 |
---------------+----------+-----
Long Blades    | 1 |  1.4
Fighting       | |  3.6
Axes           | |  3.4
Dodging        | |  3.4
Stealth        | |  2.0

Action                   || total
-------------------------++-------
Melee: Hand axe          ||   140
Invok: Sacrifice Arcana  ||     1
 Stab: Sleeping          ||     1
Armor: Plate armour      ||    74
       Robe              ||     5
Dodge: Dodged            ||    36

Table legend: (Time is in decaauts)
 A = Elapsed time spent in this place.
 B = Non-inter-level travel time spent in this place.
 C = Inter-level travel time spent in this place.
 D = Time resting spent in this place.
 E = Time spent auto-exploring this place.
 F = Levels seen in this place.
 G = Mean time per level.
                   A        B        C        D        E       F      G
               +--------+--------+--------+--------+--------+-----+--------+
         Total |   2323 |   2085 |    238 |    396 |   1349 |   4 |  580.8 |
       Dungeon |   2323 |   2085 |    238 |    396 |   1349 |   4 |  580.8 |
               +--------+--------+--------+--------+--------+-----+--------+

Top non-repeatable levels by time:
     D:1: 1641 daAuts
     D:2: 610 daAuts
     D:3: 49 daAuts
     D:4: 22 daAuts
